[Event "Early-Titled-Tuesday-Blitz-September-05-2023"]
[Site "Chess.com"]
[Date "2023.09.05"]
[Round "5"]
[White "DenLaz"]
[Black "Parhamov"]
[Result "1-0"]
[WhiteElo "3082"]
[BlackElo "2925"]
[TimeControl "180+1"]
[EndTime "8:54:56 PDT"]
[Termination "DenLaz won by resignation"]

1. d4 Nf6 2. c4 e6 3. Nf3 d5 4. g3 Bb4+ 5. Bd2 Be7 6. Bg2 O-O 7. O-O c6 8. Bf4 h6 9. Qc2 Nbd7 10. Rd1 a5 11.
Ne5 a4 12. Nc3 Qa5 13. e4 Nb6 14. c5 Nbd7 15. Nxd7 Bxd7 16. e5 Nh7 17. Bd2 Qa7 18. Bf1 f6 19. exf6 Bxf6 20. Be3 e5 21. dxe5 Bxe5 22. Nxd5 cxd5 23. Rxd5 Bf5 24. Qd2 Qb8 25. f4 Bc7 26. Bf2 Be6 27. Rd4 Nf6 28. Qc2 Qe8 29.
Re1 Qf7 30. Rxe6 Kh8 31. Bc4 Qh5 32. Be2 Qf7 33. f5 a3 34. b4 Rfd8 35. b5 Rxd4 36. Bxd4 Rd8 37. Bf2 Ba5 38. Qc4 Qd7 39. c6 bxc6 40.
bxc6 Qd2 41. Bf3 Qb2 42. Re2 Qb1+ 43. Kg2 Qxf5 44. Qe6 Qb5 45. Re5 Qb4 46. Qf7 Rf8 47. Qe7 Qb8 48. Rxa5 Re8 49. c7 Qc8 50. Ra8 1-0

[Event "Early-Titled-Tuesday-Blitz-September-05-2023"]
[Site "Chess.com"]
[Date "2023.09.05"]
[Round "5"]
[White "Mikedannnn"]
[Black "Sjakkerntobi"]
[Result "0-1"]
[WhiteElo "2607"]
[BlackElo "2491"]
[TimeControl "180+1"]
[EndTime "8:54:56 PDT"]
[Termination "Sjakkerntobi won by resignation"]

1. e4 e6 2. d4 d5 3. Nc3 Bb4 4.
e5 Ne7 5. a3 Bxc3+ 6. bxc3 c5 7.
Qg4 cxd4 8. Qxg7 Rg8 9. Qxh7 Qc7 10. Ne2 Nbc6 11. f4 dxc3 12. Qd3 Bd7 13. Nxc3 a6 14. h4 O-O-O 15. h5 Nf5 16. Rh3 Kb8 17. Rb1 Ka8 18.
h6 Rg6 19. h7 Rh8 20. Qd1 Ncd4 21. g4 Nxc2+ 22. Qxc2 Rxg4 23. Bxa6 bxa6 24. Qe2 Rg3 25. Rxg3 Nxg3 26. Qxa6+ Qa7 27. Qxa7+ Kxa7 28. Be3+ Ka8 29. Bc5 Rxh7 30. Kf2 Nf5 31. Nb5 Bxb5 32. Rxb5 Rh2+ 33. Kf3 Rh3+ 34. Kg2 Rg3+ 35. Kf2 Rc3 36. Bd6 Rc4 37.
Rb8+ Ka7 38. Rf8 Rxf4+ 39. Ke2 Nd4+ 40. Ke3 Re4+ 41. Kd3 Nc6 42. Rxf7+ Kb6 43. Rd7 Nxe5+ 44. Kc2 Nxd7 0-1

[Event "Early-Titled-Tuesday-Blitz-September-05-2023"]
[Site "Chess.com"]
[Date "2023.09.05"]
[Round "5"]
[White "InitiatingASC"]
[Black "koncheto"]
[Result "0-1"]
[WhiteElo "2343"]
[BlackElo "2532"]
[TimeControl "180+1"]
[EndTime "8:54:56 PDT"]
[Termination "koncheto won by resignation"]

1. e4 c5 2. Nf3 d6 3. d4 cxd4 4. Nxd4 Nf6 5. Nc3 Nc6 6. Be3 e6 7. f3 a6 8. Qd2 Qc7 9. g4 b5 10. O-O-O Bb7 11. Kb1 Rc8 12. h4 Be7 13. h5 h6 14. Qf2 Ne5 15. Ncxb5 axb5 16. Nxb5 Qb8 17. Ba7 Qa8 18. Nxd6+ Bxd6 19. Rxd6 Nxf3 20. Bb5+ Kf8 21.
Rhd1 Nxe4 22. Qb6 Nxd6 23. Qxd6+ Kg8 24. Bb6 Be4 25. Rc1 Kh7 26. a4 Rhf8 27. a5 Kh8 28. b4 Qd5 29. Qxd5 Bxd5 30. c4 Bxc4 31. Bd7 Ra8 32. Bc6 Bd5 33. Bxa8 Rxa8 34. Kb2 Ne5 35. Bd4 Nd3+ 36. Kc2 Nxc1 37. Kxc1 Kg8 38. Kb2 g6 39. hxg6 fxg6 40. Ka3 h5 41. gxh5 gxh5 42. Bf2 Bc6 43. Kb3 Bb5 44. Kc3 Rc8+ 45. Kd4 Rc4+ 46. Ke5 Rxb4 47. Kxe6 h4 48. Bg1 h3 49. Kd5 Rb2 50.
Kc5 Bf1 51. Kc6 h2 52. Bxh2 Rxh2 53. a6 Bxa6 0-1

[Event "Early-Titled-Tuesday-Blitz-September-05-2023"]
[Site "Chess.com"]
[Date "2023.09.05"]
[Round "5"]
[White "vedantgoswami"]
[Black "DawidCzerw"]
[Result "0-1"]
[WhiteElo "2309"]
[BlackElo "2517"]
[TimeControl "180+1"]
[EndTime "8:54:56 PDT"]
[Termination "DawidCzerw won on time"]

1. d4 Nf6 2. Nf3 e6 3. Bf4 c5 4. e3 Nc6 5. Be2 Qb6 6. Nc3 cxd4 7. exd4 d5 8. O-O a6 9. Na4 Qd8 10. c3 Bd6 11. Bxd6 Qxd6 12. Re1 O-O 13. Bd3 h6 14.
Ne5 Nd7 15. Nxd7 Bxd7 16. Nc5 Qc7 17. Bc2 Rae8 18. Qd3 g6 19. Re3 Bc8 20. Rae1 a5 21. Qd2 b6 22. Nd3 h5 23. Ne5 Nxe5 24. Rxe5 f6 25. R5e3 g5 26. h4 Re7 27. hxg5 fxg5 28. Re5 g4 29. Rxh5 Rg7 30. Ree5 g3 31. fxg3 Qf7 32.
Kh2 Qf2 33. Qxf2 Rxf2 34. Bd1 Rxb2 35. g4 Rxa2 36. g5 a4 37. Bg4 Kf7 38. Rh6 a3 39.
Bxe6+ Bxe6 40. Rhxe6 Rb2 41. Re7+ Kg6 42. R7e6+ Kh5 43.
Rxd5 a2 44. Kh3 Rxg2 0-1

[Event "Early-Titled-Tuesday-Blitz-September-05-2023"]
[Site "Chess.com"]
[Date "2023.09.05"]
[Round "5"]
[White "jcmesafischer"]
[Black "Let_it_be_1"]
[Result "0-1"]
[WhiteElo "2479"]
[BlackElo "2638"]
[TimeControl "180+1"]
[EndTime "8:54:57 PDT"]
[Termination "Let_it_be_1 won by resignation"]

1. Nf3 d5 2. g3 Nf6 3. Bg2 e6 4. O-O Be7 5. b3 O-O 6. Bb2 c5 7. e3 b6 8. d4 Nbd7 9. Nbd2 Bb7 10. c4 Rc8 11. cxd5 Nxd5 12. dxc5 Nxc5 13. Nd4 Nd3 14. Nc4 Nxb2 15. Nxb2 Nc3 16. Qd2 Bxg2 17. Kxg2 Bf6 18. Rfc1 Qd5+ 19. Nf3 Qxd2 20. Nxd2 Ne2 21. Rxc8 Rxc8 22.
Re1 Rc2 23. Rxe2 Rxb2 24. Kf3 Rxa2 25. Nc4 Rxe2 26. Kxe2 Kf8 27. Nd6 Be5 28. Nb5 Bb8 29.
Kd3 Ke7 30. Kc4 Kd7 31. Nd4 a6 32. f4 b5+ 33. Kc5 Ba7+ 34. Kb4 Bb6 35. g4 Kd6 36.
Kc3 Bxd4+ 37. Kxd4 a5 38. e4 f5 39. e5+ Kc6 40.
gxf5 exf5 41. h4 g6 42. Kd3 Kd5 43. Kc3 h6 44. Kd3 g5 45. hxg5 hxg5 46. fxg5 Kxe5 47.
Ke3 a4 48. bxa4 bxa4 49. Kd3 f4 50. Kc3 f3 51. Kb4 f2 52. Kxa4 f1=Q 53. Kb3 Qf5 0-1

[Event "Early-Titled-Tuesday-Blitz-September-05-2023"]
[Site "Chess.com"]
[Date "2023.09.05"]
[Round "5"]
[White "Daniel_Salinas"]
[Black "abelmat"]
[Result "1-0"]
[WhiteElo "2303"]
[BlackElo "1943"]
[TimeControl "180+1"]
[EndTime "8:54:58 PDT"]
[Termination "Daniel_Salinas won on time"]

1. e4 e6 2. d4 d5 3. Nd2 Nc6 4.
Ngf3 Nf6 5. e5 Nd7 6. Nb3 Be7 7. c3 a5 8. a4 b6 9. Bf4 Ba6 10. Bb5 Bxb5 11. axb5 Ncb8 12. h4 c5 13. Rh3 cxd4 14. Nbxd4 Nc5 15. h5 h6 16. Rg3 Kf8 17. Rg4 Ne4 18. Nd2 Ra7 19. Nxe4 dxe4 20. Qc2 Qd5 21. Bg3 Rc7 22. Qxe4 Qc4 23. Rf4 Kg8 24. Qf3 Bc5 25.
Nf5 Qb3 26. Ne3 Bxe3 27. Qxe3 Qxb2 28. Rd1 Nd7 29. Rfd4 g6 30. Rxd7 Rxd7 31. Rxd7 Kg7 32. Qf4 Qb1+ 33. Ke2 Qc2+ 34. Kf3 Qf5 35. Qxf5 gxf5 36.
Bh4 Rc8 37. Bf6+ Kg8 38. Rd8+ Rxd8 39. Bxd8 Kg7 40. Bxb6 1-0

[Event "Early-Titled-Tuesday-Blitz-September-05-2023"]
[Site "Chess.com"]
[Date "2023.09.05"]
[Round "5"]
[White "InadaC"]
[Black "LileKoridze"]
[Result "0-1"]
[WhiteElo "1651"]
[BlackElo "2362"]
[TimeControl "180+1"]
[EndTime "8:55:00 PDT"]
[Termination "LileKoridze won by resignation"]

1. d4 Nf6 2. c4 e6 3. Nc3 Bb4 4. f3 c5 5. d5 d6 6. e4 O-O 7. Bd3 Nbd7 8. Ne2 a6 9. O-O Ne5 10. Bg5 h6 11. Bh4 Ng6 12. Bg3 Re8 13. a3 Ba5 14.
Qc2 Bc7 15. Rfd1 Qe7 16. Nf4 Ne5 17. Rac1 Rb8 18. b4 Nxd3 19. Nxd3 b6 20. Bf2 e5 21. Ne2 Nh5 22. Ng3 Qg5 23. Nxh5 Qxh5 24. bxc5 bxc5 25. Rb1 Bd7 26. Rxb8 Rxb8 27. Rb1 Qg5 28.
Rxb8+ Bxb8 29. Be3 Qd8 30. Qb2 Bc7 31. Bd2 Ba5 32. Bc3 Bxc3 33. Qxc3 Qg5 34. Qc1 Qd8 35. Kf2 Qa5 36. Qb2 Qa4 37. Qc3 Qd1 38. Nb2 Qa1 39.
Qb3 Qc1 40. Nd1 Qd2+ 41. Kf1 a5 42. Ne3 a4 43. Qc2 Qxe3 44. h3 Bc8 45. Qxa4 Qc1+ 46. Kf2 Qb2+ 47. Kg3 Qb8 48. Qe8+ Kh7 49. Qxf7 Qb7 50.
Qf8 Qd7 51. a4 Ba6 52. a5 Bxc4 53. Qb8 Ba6 54. Qb6 Bf1 55. a6 Qe7 56. Kf2 Bxa6 57.
Qxa6 Qc7 58. Qc4 Qb6 59. Kg3 Qa5 60. Qb3 Qe1+ 61. Kh2 Qc1 62. Qb6 c4 63. Qxd6 Qf4+ 64. Kg1 c3 65. Qc5 Qc1+ 66. Kh2 c2 67. Qc8 Qf4+ 68. g3 Qd2+ 69. Kg1 c1=Q+ 0-1

[Event "Early-Titled-Tuesday-Blitz-September-05-2023"]
[Site "Chess.com"]
[Date "2023.09.05"]
[Round "5"]
[White "UB_TheQueen"]
[Black "EpicPlayz282"]
[Result "0-1"]
[WhiteElo "2079"]
[BlackElo "2392"]
[TimeControl "180+1"]
[EndTime "8:55:02 PDT"]
[Termination "EpicPlayz282 won on time"]

1. e4 e5 2. Nf3 Nc6 3. Bc4 Bc5 4. b4 Bxb4 5. c3 Be7 6. d4 d6 7. dxe5 dxe5 8. Qb3 Na5 9. Bxf7+ Kf8 10. Qa4 Kxf7 11. Qxa5 Bd6 12. Nxe5+ Bxe5 13. Qxe5 Nf6 14.
Nd2 Re8 15. Qf4 Qd3 16. Qf3 Qa6 17. c4 Bg4 18. Qe3 Qb6 19. Qxb6 axb6 20. f3 Be6 21. Kf2 Ra4 22. Bb2 Bxc4 23. Nxc4 Rxc4 24. Rhc1 Rxc1 25. Rxc1 c6 26. g4 Nd7 27. Rd1 Nc5 28. Ke3 Ra8 29.
a3 g6 30. h4 Ke6 31. f4 Ra4 32.
f5+ Kf7 33. Rd4 Rxd4 34. Kxd4 gxf5 35. gxf5 Nb3+ 36. Ke5 Nd2 37. Kf4 Nc4 38. Bc1 c5 39. e5 b5 40. e6+ Kf6 41. Ke4 Nd6+ 42. Kf4 Nxf5 43. e7 Nxe7 44. Bb2+ Ke6 45. Kg5 Nf5 46. h5 c4 47. Kf4 Ne7 48. Kg5 Kf7 49. Kh6 Kg8 50. Kg5 Nd5 51. Kf5 c3 52. Bc1 b4 53. Ke5 b3 0-1

[Event "Early-Titled-Tuesday-Blitz-September-05-2023"]
[Site "Chess.com"]
[Date "2023.09.05"]
[Round "5"]
[White "kingofthenil"]
[Black "BogdanDeac"]
[Result "1-0"]
[WhiteElo "2733"]
[BlackElo "3015"]
[TimeControl "180+1"]
[EndTime "8:55:03 PDT"]
[Termination "kingofthenil won by resignation"]

1. e4 e5 2. Nf3 Nf6 3. Nxe5 d6 4. Nd3 Nxe4 5. Qe2 Qe7 6. Nf4 Nf6 7. d4 Nc6 8. c3 g5 9. Nd3 Rg8 10. h4 h6 11.
hxg5 hxg5 12. Nd2 Bf5 13. Nf3 g4 14. Ng5 Nd5 15. Nf4 Nb6 16. Nh7 O-O-O 17. Nxf8 Qxf8 18.
Be3 d5 19. O-O-O Qd6 20. Qb5 Rh8 21. Be2 Kb8 22. Qc5 Qd7 23. b3 Rde8 24. Nh5 Rc8 25.
Kb2 Qe6 26. Nf4 Qd7 27. a4 a5 28. Bb5 g3 29. fxg3 Rxh1 30. Rxh1 Re8 31. Bc1 Be4 32. Rh6 Qg4 33. Bxc6 bxc6 34. Rxc6 Rc8 35. Rxb6+ cxb6 36. Qxb6+ Ka8 37. Qa6+ Kb8 38. Qb6+ Ka8 39. Nxd5 Qe2+ 40. Ka3 Bxd5 41. Qxa5+ Kb7 42. Qxd5+ Rc6 43. Qd7+ Rc7 44. Qd5+ Rc6 45. Bf4 Qe6 46. Qxe6 Rxe6 47. c4 Re2 48. Kb4 Rxg2 49. Kb5 Rb2 50. b4 1-0

[Event "Early-Titled-Tuesday-Blitz-September-05-2023"]
[Site "Chess.com"]
[Date "2023.09.05"]
[Round "5"]
[White "valemava"]
[Black "olderson"]
[Result "0-1"]
[WhiteElo "2288"]
[BlackElo "2480"]
[TimeControl "180+1"]
[EndTime "8:55:03 PDT"]
[Termination "olderson won by checkmate"]

1. e4 d6 2. d4 Nf6 3. Nc3 e5 4. Be3 Be7 5. f3 O-O 6. Nge2 Nbd7 7. Qd2 c6 8. g4 b5 9. Ng3 b4 10. Nce2 c5 11. d5 Nb6 12. b3 a5 13. h4 a4 14.
g5 Ne8 15. Bh3 axb3 16. cxb3 Nc7 17. Bxc8 Qxc8 18. Nf5 Qd7 19. Kf2 Nb5 20. h5 Nd4 21.
Bxd4 exd4 22. Qf4 d3 23. Neg3 c4 24. Nxe7+ Qxe7 25. Nf5 Qd7 26. bxc4 Nxc4 27. h6 g6 28. Ng7 Rfc8 29. Nh5 Qe7 30. Nf6+ Kh8 31. Rhd1 Ne5 32. Qe3 Rc2+ 33. Kg3 Rcxa2 34. Rxa2 Rxa2 35. f4 Qc7 36.
fxe5 Qc2 37. Rd2 Qxd2 38. Qxd2 Rxd2 39. exd6 Ra2 40. d7 Ra8 41. Kf3 b3 42. e5 b2 43. e6 b1=Q 44. e7 Qf1+ 45. Kg3 Qe1+ 46. Kf4 Qxe7 47. d8=Q+ Rxd8 48. Ng4 Rxd5 49. Ne3 Rf5+ 50.
Nxf5 gxf5 51. Kxf5 d2 52. g6 Qe6+ 53. Kf4 fxg6 54.
Kg5 Qf5+ 55. Kh4 d1=Q 56. Kg3 Qdg4+ 57. Kh2 Qfh5# 0-1

[Event "Early-Titled-Tuesday-Blitz-September-05-2023"]
[Site "Chess.com"]
[Date "2023.09.05"]
[Round "5"]
[White "fen_fire"]
[Black "hurricane7791"]
[Result "0-1"]
[WhiteElo "2476"]
[BlackElo "2693"]
[TimeControl "180+1"]
[EndTime "8:55:04 PDT"]
[Termination "hurricane7791 won on time"]

1. Nf3 c5 2. e3 Nf6 3. d4 g6 4. Nbd2 Bg7 5. b3 O-O 6. Bb2 cxd4 7. Nxd4 d5 8. Be2 Re8 9. O-O e5 10. N4f3 Nc6 11. c4 d4 12. exd4 e4 13. Ne1 Nxd4 14.
Nc2 Nxe2+ 15. Qxe2 Bg4 16. Qe1 Bd7 17. Ne3 Bc6 18. Rd1 Qe7 19. Nb1 Nh5 20. Bxg7 Kxg7 21. Nc3 f5 22. Ncd5 Qe5 23. c5 Bb5 24. Nc4 Bxc4 25. bxc4 Rad8 26. Qb4 Rd7 27. Rfe1 Red8 28. Qb3 Nf6 29. Nxf6 Kxf6 30. Rxd7 Rxd7 31. Rd1 Rxd1+ 32.
Qxd1 Qxc5 33. Qd8+ Kf7 34. Qd7+ Qe7 35. Qd5+ Kg7 36.
c5 Kf6 37. g3 e3 38. Qd4+ Qe5 39. Qd8+ Kf7 40. Qd7+ Qe7 41. Qd5+ Kf8 42. Kf1 exf2 43. Kxf2 Ke8 44. Kg1 Qf7 45. Qe5+ Qe7 46. Qb8+ Kf7 47. Qxa7 Ke6 48. Kg2 Kd5 49. Qa4 Qe4+ 50. Qxe4+ fxe4 51. Kf2 Kxc5 52. Ke3 Kd5 53. g4 g5 54. h3 Ke5 55. a3 b5 56. Ke2 Kf4 57. Kf2 e3+ 58. Ke2 Ke4 59. Ke1 Kf3 60. Kf1 Kg3 61. Ke2 Kxh3 62. Kxe3 Kxg4 63. Kd3 h5 64. Kc3 h4 65. a4 bxa4 0-1

[Event "Early-Titled-Tuesday-Blitz-September-05-2023"]
[Site "Chess.com"]
[Date "2023.09.05"]
[Round "5"]
[White "FormerProdigy"]
[Black "GMG"]
[Result "1-0"]
[WhiteElo "2894"]
[BlackElo "2793"]
[TimeControl "180+1"]
[EndTime "8:55:05 PDT"]
[Termination "FormerProdigy won on time"]

1. d4 d5 2. c4 e6 3. Nc3 a6 4. cxd5 exd5 5. Bf4 c6 6. e3 Bd6 7. Bxd6 Qxd6 8. Bd3 Ne7 9. Qc2 g6 10. Nf3 Bf5 11. Bxf5 Nxf5 12. h4 h5 13. O-O-O Nd7 14. Kb1 O-O-O 15. Nxd5 Qxd5 16. e4 Qa5 17. exf5 Qxf5 18. Qxf5 gxf5 19. Ng5 Rhf8 20. d5 Ne5 21.
Rhe1 Rfe8 22. d6 Kd7 23. b3 f6 24. Nh7 Re6 25. Nxf6+ Rxf6 26. Rxe5 Re8 27. Rxe8 Kxe8 28. Re1+ Kd7 29. Re7+ Kxd6 30. Rxb7 Re6 31. g3 Re1+ 32. Kb2 Re2+ 33. Ka3 Rxf2 34. Rh7 Rg2 35. Rxh5 Ke5 36.
Rg5 Ke4 37. h5 Rh2 38. Rg6 c5 39. h6 Kf3 40. Rg5 Ke4 41. g4 fxg4 42. Rxg4+ Kf5 43.
Rc4 Rxh6 44. Rxc5+ Ke4 45. Ka4 Kd4 46. b4 Rh3 47.
Rc6 a5 48. Kxa5 1-0

[Event "Early-Titled-Tuesday-Blitz-September-05-2023"]
[Site "Chess.com"]
[Date "2023.09.05"]
[Round "5"]
[White "smilingice"]
[Black "assezde36"]
[Result "0-1"]
[WhiteElo "2425"]
[BlackElo "2779"]
[TimeControl "180+1"]
[EndTime "8:55:05 PDT"]
[Termination "assezde36 won on time"]

1. e4 c5 2. Nf3 e6 3. g3 b6 4. Bg2 Bb7 5. Nc3 d6 6. d4 cxd4 7. Nxd4 a6 8. O-O Nf6 9. f4 Nbd7 10. Qe2 Qc7 11. Kh1 b5 12. a3 Be7 13.
Be3 Nc5 14. Bg1 O-O 15. Rae1 Rfe8 16. g4 d5 17. exd5 exd5 18. Qe5 Bd6 19. Ndxb5 axb5 20. Nxb5 Bxe5 21. Nxc7 Bxc7 22. Rxe8+ Rxe8 23. Bxc5 Nxg4 24. c4 Nf6 25. b4 Ne4 26. cxd5 Bxd5 27. Bg1 h5 28. b5 h4 29. b6 Bb8 30. Rd1 Bb3 31.
Rb1 Nd2 32. Rc1 Bxf4 33. b7 Be6 34. Ba7 h3 35. Bc6 Rd8 36. Rd1 Bg4 37. b8=Q Bxb8 38. Bxb8 Rxb8 39. Rc1 Bf3+ 40. Bxf3 Rb3 41. Bd5 Rxa3 42.
Rd1 Rd3 43. Kg1 Rxd5 44. Kf2 Ne4+ 45. Ke3 Rxd1 0-1

[Event "Early-Titled-Tuesday-Blitz-September-05-2023"]
[Site "Chess.com"]
[Date "2023.09.05"]
[Round "5"]
[White "Sibelephant"]
[Black "TimofeevAr"]
[Result "1-0"]
[WhiteElo "3133"]
[BlackElo "2859"]
[TimeControl "180+1"]
[EndTime "8:55:07 PDT"]
[Termination "Sibelephant won on time"]

1. Nf3 d5 2. g3 Bf5 3. c4 c6 4. Qb3 Qb6 5. cxd5 Qxb3 6. axb3 cxd5 7. Nc3 Nf6 8. Nb5 Kd8 9. Ne5 Be6 10. Nd4 Ke8 11.
Nxe6 fxe6 12. Bh3 Nbd7 13. d4 g6 14. Bxe6 Bg7 15. O-O Nb6 16. Bd2 Ne4 17. Ba5 Ng5 18. Bg4 Bxe5 19. Bxb6 Bf6 20. h4 Ne4 21. Be6 Nd2 22.
Rfd1 Nxb3 23. Ra3 h5 24. e3 g5 25. hxg5 Bxg5 26. Bc7 Rh6 27. Bxd5 Rc8 28. Be5 Nc1 29. Rxa7 h4 30. Rxb7 hxg3 31. Bxg3 Ne2+ 32. Kg2 Nxg3 33. Kxg3 Bh4+ 34. Kf3 Rf6+ 35. Ke4 Bxf2 36. Rh1 Bg3 37.
Rh8+ Rf8 38. Rxf8+ Kxf8 39. b4 Bd6 40. b5 Rc3 41. b6 Ba3 42. Ra7 Bc1 43. b7 Rxe3+ 44. Kf5 1-0

[Event "Early-Titled-Tuesday-Blitz-September-05-2023"]
[Site "Chess.com"]
[Date "2023.09.05"]
[Round "5"]
[White "Anton_Demchenko"]
[Black "chess123456s"]
[Result "1-0"]
[WhiteElo "2926"]
[BlackElo "2669"]
[TimeControl "180+1"]
[EndTime "8:55:07 PDT"]
[Termination "Anton_Demchenko won by resignation"]

1. e4 e5 2. Nf3 Nc6 3. Bc4 Nf6 4. d3 Bc5 5. O-O d6 6. c3 a5 7. Nbd2 O-O 8. h3 Be6 9. Re1 Ba7 10. Bxe6 fxe6 11. Nf1 Qe8 12. Be3 Bxe3 13. Rxe3 Qg6 14. g3 d5 15. Qc2 a4 16. Rae1 dxe4 17. dxe4 Nd5 18. Nh4 Nxe3 19. Nxe3 Qh5 20. Ng4 g5 21. Qe2 Qg6 22. Nf3 Qg7 23. h4 h5 24. Ne3 g4 25. Ng5 Qf6 26. Rf1 Rad8 27. Qc4 Rd2 28.
f3 gxf3 29. Nxf3 Qh6 30. Nf5 Rxf5 31. exf5 Qe3+ 32. Kh1 Rf2 33. Qxe6+ Kf8 34. Rxf2 Qxf2 35. Qh6+ Ke7 36. Qg5+ Kf8 37. Nh2 Qe1+ 38. Kg2 Qe2+ 39.
Kh3 Ne7 40. f6 Nd5 41. Qg7+ Ke8 42. f7+ Kd7 43. f8=Q+ Kc6 44. Qf3 Qe1 45. Qg6+ Kc5 46. Qge4 c6 47. Qxe1 1-0

[Event "Early-Titled-Tuesday-Blitz-September-05-2023"]
[Site "Chess.com"]
[Date "2023.09.05"]
[Round "5"]
[White "Flaccidmoves"]
[Black "suspiciumchess"]
[Result "1-0"]
[WhiteElo "2477"]
[BlackElo "2281"]
[TimeControl "180+1"]
[EndTime "8:55:07 PDT"]
[Termination "Flaccidmoves won by checkmate"]

1. e4 c5 2. Nf3 d6 3. d4 cxd4 4. Nxd4 Nf6 5. Nc3 a6 6. h3 e5 7.
Nde2 h5 8. Bg5 Be7 9. Ng3 g6 10. Bc4 b5 11. Bb3 Nbd7 12. a3 Bb7 13. Bxf6 Nxf6 14.
Nd5 h4 15. Nf1 Nxe4 16. Nfe3 f5 17. Qf3 Ng5 18. Nf6+ Bxf6 19. Qxb7 Rh7 20. Qc6+ Kf8 21. Nd5 Rc8 22. Qxa6 Rc5 23. O-O-O Ne4 24. f3 Bg5+ 25. Kb1 Nf2 26. Rhf1 Nxd1 27. Rxd1 Rd7 28. f4 Be7 29. Nb6 Rdc7 30. fxe5 R7c6 31. exd6 Qxb6 32. dxe7+ Kxe7 33. Qa8 Re5 34. Qg8 Rd6 35. Qf7+ Kd8 36. Qg8+ Kc7 37. Qg7+ Kb8 38. Qxe5 Kc7 39. Qxd6+ Qxd6 40. Rxd6 Kxd6 41. Kc1 Ke5 42. Kd2 Kf4 43. Ke2 Kg3 44. Kf1 g5 45.
Bd5 g4 46. hxg4 fxg4 47. b3 Kh2 48. a4 bxa4 49. bxa4 h3 50. gxh3 gxh3 51. a5 Kg3 52. a6 Kh2 53. a7 Kg3 54. a8=Q Kh2 55. Qb8# 1-0

[Event "Early-Titled-Tuesday-Blitz-September-05-2023"]
[Site "Chess.com"]
[Date "2023.09.05"]
[Round "5"]
[White "ActorXu"]
[Black "Bigfish1995"]
[Result "0-1"]
[WhiteElo "2720"]
[BlackElo "3093"]
[TimeControl "180+1"]
[EndTime "8:55:09 PDT"]
[Termination "Bigfish1995 won by resignation"]

1. e4 a6 2. d4 Ra7 3. c4 Ra8 4.
Nc3 g6 5. f4 c6 6. Nf3 b5 7. e5 d6 8. Be3 Nh6 9. Be2 Bg7 10. h3 bxc4 11. Bxc4 O-O 12. O-O Nd7 13. Ng5 Nb6 14. Bb3 d5 15. Na4 f6 16. Nf3 Rb8 17. Nc5 Nf5 18. Bf2 fxe5 19. dxe5 e6 20. g4 Nh6 21. Nd4 Qe8 22. Qd2 Rf7 23. Be3 Bf8 24.
Rac1 Nc4 25. Bxc4 Bxc5 26. Bb3 Bb4 27. Qg2 c5 28. Nf3 c4 29. Bc2 Rg7 30. Kh1 Nf7 31. Bd4 Qe7 32. Rg1 Bc5 33. Qf2 Bxd4 34. Qxd4 Qb7 35. f5 Nd8 36. f6 Rc7 37. Ng5 Qxb2 38.
Qf4 Qa3 39. Rg3 Qf8 40. Rf1 Nf7 41. Nxh7 Kxh7 42. g5 Nh8 43. Qh4+ Kg8 44. Rgf3 Rh7 45. Qd4 Qf7 46. Qc3 d4 47. Qa5 Bb7 48. Kh2 Bxf3 49.
Rxf3 Qc7 50. Be4 Qxa5 0-1

[Event "Early-Titled-Tuesday-Blitz-September-05-2023"]
[Site "Chess.com"]
[Date "2023.09.05"]
[Round "5"]
[White "Jumbo"]
[Black "03revilo"]
[Result "0-1"]
[WhiteElo "2903"]
[BlackElo "2450"]
[TimeControl "180+1"]
[EndTime "8:55:10 PDT"]
[Termination "03revilo won by resignation"]

1. e4 c5 2. Nf3 e6 3. d4 cxd4 4.
Nxd4 Nf6 5. Nc3 Nc6 6. a3 d5 7.
Bb5 Bd7 8. exd5 exd5 9. O-O Be7 10. Be3 O-O 11. Re1 Re8 12. h3 h6 13. Nde2 Ne5 14. Bxd7 Qxd7 15. Nf4 Nc4 16. Ncxd5 Nxd5 17. Nxd5 Rad8 18.
Nxe7+ Qxe7 19. Qg4 Qe6 20. Bxa7 Qxe1+ 21. Rxe1 Rxe1+ 22.
Kh2 Nd2 23. h4 Re4 24. Qh5 Rd6 25. f3 Re2 26. Bc5 Rg6 27. Qxg6 fxg6 28. Kg1 Nc4 29. b3 Ne5 30. c4 Rb2 31. Bd4 Rb1+ 32. Kh2 Nc6 33.
Bc5 Rxb3 34. Kg3 Kf7 35. Kf4 Ke6 36. Ke4 Rb2 37. g4 g5 38. hxg5 hxg5 39. Be3 Rb3 40. Bxg5 Rxa3 41. f4 Ra4 42. f5+ Kd7 43. Kd5 Ne7+ 44.
Kd4 Nc8 45. f6 gxf6 46. Bxf6 Nd6 47. Kd5 Rxc4 48. Bd4 Rc1 49. g5 Rc2 50. g6 Rg2 51. g7 Nf5 0-1

[Event "Early-Titled-Tuesday-Blitz-September-05-2023"]
[Site "Chess.com"]
[Date "2023.09.05"]
[Round "5"]
[White "guillembaches"]
[Black "m_ezat"]
[Result "1/2-1/2"]
[WhiteElo "2513"]
[BlackElo "2703"]
[TimeControl "180+1"]
[EndTime "8:55:10 PDT"]
[Termination "Game drawn by stalemate"]

1. e4 e5 2. Nf3 Nc6 3. Nc3 Nf6 4.
d4 exd4 5. Nxd4 Bb4 6. Nxc6 bxc6 7. Bd3 O-O 8. O-O d5 9. Bd2 Re8 10. Nxd5 cxd5 11. Bxb4 dxe4 12. Bb5 Bd7 13. Bxd7 Qxd7 14. Qxd7 Nxd7 15. Rfd1 Nb6 16. b3 Rad8 17. c4 Nd7 18. Rd5 Ne5 19. Ra5 Nd3 20. Bc5 a6 21. Be3 Re6 22. Rd1 h6 23. h4 Kh7 24. Kf1 Rde8 25. Ke2 Rd6 26. g3 g6 27. c5 Rc6 28. a3 Re7 29. b4 f5 30. b5 axb5 31. Rxb5 Ra6 32. Rb3 c6 33. Ra1 Rea7 34. Bd4 Ra4 35. Ke3 g5 36.
hxg5 hxg5 37. Rb8 Ra8 38. Rb6 Re8 39. Rh1+ Kg8 40. Rh8+ Kf7 41. Rb7+ Kg6 42. Rxe8 Rxa3 43. Ke2 Ra2+ 44. Kd1 f4 45. gxf4 gxf4 46. Rxe4 Kf5 47. f3 Ra3 48. Rf7+ Kg5 49. Rg7+ Kf5 50. Rg8 Ra1+ 51. Kc2 Ra2+ 52. Kxd3 Rd2+ 53. Kc3 Rc2+ 54. Kb3 Rb2+ 55. Bxb2 1/2-1/2

[Event "Early-Titled-Tuesday-Blitz-September-05-2023"]
[Site "Chess.com"]
[Date "2023.09.05"]
[Round "5"]
[White "Witik"]
[Black "Shuvalov"]
[Result "1-0"]
[WhiteElo "2678"]
[BlackElo "2489"]
[TimeControl "180+1"]
[EndTime "8:55:11 PDT"]
[Termination "Witik won by resignation"]

1. e4 e6 2. d3 d5 3. Qe2 Nf6 4. Nf3 c5 5. g3 Nc6 6. Bg2 Be7 7. O-O O-O 8. e5 Ne8 9. c4 Nc7 10. Nc3 Rb8 11. b3 b5 12. Bf4 bxc4 13. dxc4 Ba6 14.
Rad1 Na5 15. Qc2 Qc8 16. Bg5 Qd8 17. h4 h6 18. Bxe7 Qxe7 19. cxd5 exd5 20. Rfe1 Rfd8 21.
Nh2 Nc6 22. Nxd5 Nxd5 23. Rxd5 Rxd5 24. Bxd5 Nb4 25. Qe4 Nxd5 26. Qxd5 Bb7 27. Qd6 Qxd6 28. exd6 Rd8 29. Rd1 Kf8 30. Rd2 Ke8 31. Ng4 f6 32. Ne3 Kd7 33. f4 Re8 34. Kf2 Be4 35. h5 Re6 36.
Nc4 Bb7 37. g4 Ba6 38. Ne3 Rxd6 39. Rxd6+ Kxd6 40. Nf5+ Kd5 41. Nxg7 Ke4 42. Kg3 c4 43. bxc4 Bxc4 44. a3 a5 45. Nf5 a4 46. Nxh6 Be6 47.
g5 fxg5 48. fxg5 Kd3 49. g6 Kc3 50. g7 Kb3 51. g8=Q Bxg8 52. Nxg8 Kxa3 53. h6 Kb3 54. h7 a3 55. h8=Q a2 56. Qa1 1-0

[Event "Early-Titled-Tuesday-Blitz-September-05-2023"]
[Site "Chess.com"]
[Date "2023.09.05"]
[Round "5"]
[White "Firouzja2003"]
[Black "DopplerCharlotteDeWitte"]
[Result "1-0"]
[WhiteElo "3120"]
[BlackElo "2729"]
[TimeControl "180+1"]
[EndTime "8:55:13 PDT"]
[Termination "Firouzja2003 won by resignation"]

1. d4 d5 2. c4 e6 3. Nf3 Nf6 4. Nc3 Nbd7 5. Bg5 Bb4 6. e3 O-O 7. cxd5 exd5 8. Bd3 h6 9. Bh4 c6 10. O-O Re8 11. Qc2 Be7 12. Rab1 a5 13. a3 Ne4 14. Bxe4 Bxh4 15. Bh7+ Kh8 16. Bf5 Bf6 17. Rfe1 Nb6 18.
Bxc8 Qxc8 19. Qb3 Qd8 20. a4 Rb8 21. g3 Kg8 22. Kg2 Nc8 23. e4 dxe4 24. Nxe4 Nd6 25.
Nxd6 Qxd6 26. Rxe8+ Rxe8 27. Qxb7 Bxd4 28. Rd1 c5 29. Qb5 Rb8 30. Qxa5 Rxb2 31. Qa8+ Kh7 32. Nxd4 cxd4 33. Qe4+ g6 34. Rxd4 Qf6 35. Qf4 Qxf4 36.
Rxf4 Kg7 37. h4 Rb3 38. Rf3 Rb6 39. Ra3 Kf6 40. a5 Ra6 41. Kf3 Ke5 42. g4 h5 43.
gxh5 gxh5 44. Ke3 Kf5 45. Ra4 Ke5 46. Kf3 Kf5 47. Ke2 Ke5 48. Ke3 f6 49. Kf3 Kf5 50. Ke2 Ke5 51. Ke3 Kd5 52. Kf4 Ke6 53. Ke4 Kf7 54. Kd5 Kg6 55. Kc5 Kf5 56. Kb5 Ra8 57.
a6 Rb8+ 58. Kc6 Rc8+ 59. Kb7 1-0